 Dungeon Sprint DCSS version 0.31-a0-18-gea43df2a32 (webtiles) character file.

Game seed: 15326229363750867685

3669 sircluck the Brawler (level 9, -3/153 HPs)
             Began as a Troll Berserker on May 10, 2023.
             Was a High Priest of Trog.
             Succumbed to something's dark miasma
             ... in the Dungeon (Sprint II: "The Violet Keep of Menkaure").
             The game lasted 00:03:45 (692 turns).

sircluck the Brawler (Troll Berserker)               Turns: 692, Time: 00:03:46

Health: -3/153     AC:  4    Str: 31    XL:     9   Next: 89%
Magic:  8/8        EV: 12    Int:  3    God:    Trog [*****.]
Gold:   742        SH:  0    Dex:  9    Spells: 8/8 levels left

rFire   + .          .
                       - Unarmed
rCold   x . .        (no shield)
rNeg    . . .        a - +0 animal skin
rPois   .            (helmet restricted)
rElec   .            i - scarf {repulsion}
rCorr   .            (gloves unavailable)
SInv    .            (boots unavailable)
Will    .....        (no amulet) Stlth
                     h - ring of fire
HPRegen 1.25/turn    (no ring)
MPRegen 0.11/turn

%: no teleportation, repel missiles
@: berserking, lethally poisoned (-3 -> -36), slowed
A: large, unfitting armour, claws 3, regeneration 1, shaggy fur 1, tough skin 1
a: Renounce Religion, Berserk, Trog's Hand, Brothers in Arms


You were in the Dungeon.
You worshipped Trog.
Trog was extremely pleased with you.
You visited 1 branch You collected 1134 gold pieces.
You spent 392 gold pieces at shops.

Inventory:

Missiles
 b - 5 stones (quivered)
Armour
 a - a +0 animal skin (worn)
 i - a scarf of repulsion (worn)
Jewellery
 h - a ring of fire (left claw)
Scrolls
 j - a scroll of immolation {unknown}
Potions
 d - a potion of haste
 e - 2 potions of magic
 f - a potion of berserk rage


   Skills:
 + Level 10.7 Fighting
 + Level 10.5 Dodging
 + Level 0.6 Stealth
 + Level 15.6 Unarmed Combat


You had 8 spell levels left.
You didn't know any spells.
Your spell library was empty.

Dungeon Overview and Level Annotations

Branches:
Dungeon (1/1)

Altars:
Cheibriados
Dithmenos
Elyvilon
Fedhas
Gozag
Hepliaklqana
Kikubaaqudgha
Makhleb
Nemelex Xobeh
Okawaru
Qazlal
Ru
Sif Muna
Trog
Uskayaw
Vehumet
Wu Jian
Xom
Yredelemnul
Zin
The Shining One
Jiyva
Lugonu

Shops:
D !::[*(=!(![(=?:

Annotations:
D exclusion: oklob plant


Innate Abilities, Weirdness & Mutations

You are too large for most types of armour.
You have claws for hands.
Your natural rate of healing is unusually fast.
You are covered in fur. (AC +1)
You have tough skin. (AC +1)


Message History

Found 3 black potions.
As you read the scroll of blinking, it crumbles to dust.
* * * LOW HITPOINT WARNING * * *
You feel extremely sick.
The crystal guardian fails to trigger a net trap.
You feel much better.
You feel extremely sick.
The death drake fails to trigger a net trap.
The death drake bites you.
* * * LOW HITPOINT WARNING * * *
The swamp drake bites you!
* * * LOW HITPOINT WARNING * * *
A red film seems to cover your vision as you go berserk!
You feel yourself moving faster!
You feel mighty!
You feel very sick. The death drake closely misses you.
The swamp drake bites you.
* * * LOW HITPOINT WARNING * * *
The death drake misses you. The swamp drake bites you.
* * * LOW HITPOINT WARNING * * *
You mangle the swamp drake!!
The swamp drake is severely wounded.
You feel sick. The death drake breathes miasma at you.
The foul vapour engulfs the crystal guardian.
The crystal guardian completely resists.
The death drake closely misses you.
You claw the swamp drake!
You kill the swamp drake!
Trog accepts your kill.
You are engulfed in dark miasma.
You are lethally poisoned!
* * * LOW HITPOINT WARNING * * *
You feel very sick. The death drake barely misses you.
You mangle the death drake!!
The death drake is moderately wounded.
You are engulfed in dark miasma.
You are more poisoned.
* * * LOW HITPOINT WARNING * * *
You die...

## ..#!## .^#..# #+##
#.#°@# ...## +.##k# .#..#
..9#### .).####
#####°°##.#
#'###.##..#..°°°#..#
#.##.###..#..#.°#..#
.<.'##.+..####..##.# )
#.##...#....###...##▓▓▓
#†###.##......†)~~~~~~~~~


You could see a death drake and a crystal guardian.

Vanquished Creatures
  2 boulder beetles (D)
  A merfolk siren (D)
  A yaktaur (D)
  3 polar bears (D)
  A hornet (D)
  2 wyverns (D)
  2 redbacks (D)
  A vampire mosquito (D)
  Menkaure (D)
  2 water moccasins (D)
  2 swamp drakes (D)
  3 worms (D)
21 creatures vanquished.

Notes
Turn   | Place    | Note
-------+----------+-------------------------------------------
     0 | D        | sircluck the Troll Berserker began the quest for the Orb.
     0 | D        | Reached XP level 1. HP: 22/22 MP: 0/0
     1 | D        | Noticed a merfolk siren
    11 | D        | HP: 1/33 [merfolk siren/+0 spear (7)]
    12 | D        | Killed a merfolk siren
    13 | D        | Reached skill level 8 in Unarmed Combat
    13 | D        | Reached XP level 2. HP: 4/37 MP: 1/1
    13 | D        | Reached XP level 3. HP: 5/45 MP: 2/2
    13 | D        | Reached XP level 4. HP: 6/53 MP: 3/3
    13 | D        | Reached XP level 5. HP: 7/61 MP: 4/4
    13 | D        | Reached XP level 6. HP: 7/68 MP: 5/5
    59 | D        | Noticed a boulder beetle
    59 | D        | Noticed a boulder beetle
    63 | D        | Noticed a wyvern
    63 | D        | Noticed a wyvern
    76 | D        | Reached ** piety under Trog
   116 | D        | Noticed Menkaure
   122 | D        | Killed a wyvern
   123 | D        | Reached skill level 9 in Unarmed Combat
   124 | D        | Killed a wyvern
   124 | D        | Reached *** piety under Trog
   126 | D        | Killed Menkaure
   127 | D        | Reached skill level 10 in Unarmed Combat
   127 | D        | Reached XP level 7. HP: 33/79 MP: 6/6
   181 | D        | Killed a boulder beetle
   182 | D        | Reached skill level 11 in Unarmed Combat
   182 | D        | Reached XP level 8. HP: 54/92 MP: 7/7
   242 | D        | Killed a boulder beetle
   243 | D        | Reached skill level 13 in Unarmed Combat
   297 | D        | Found Keicrosu's Jewellery Shop.
   297 | D        | Found Ceczaama's Book Shop.
   297 | D        | Found Vesuijyot's Magic Scroll Boutique.
   297 | D        | Found Ynies's Weapon Shop.
   298 | D        | Found Tesk's Antique Armour Shop.
   298 | D        | Found Lyt Feckano's Distillery.
   298 | D        | Found Xaamootust's Antique Weapon Shop.
   298 | D        | Found Xeafruad's Distillery.
   299 | D        | Found Socranit's Jewellery Boutique.
   299 | D        | Found Enotweno's Antique Weapon Boutique.
   299 | D        | Found Oxol's Assorted Antiques.
   299 | D        | Noticed a death yak
   306 | D        | Noticed an iron elemental
   307 | D        | Reached **** piety under Trog
   308 | D        | Found Gessocvi's Antique Armour Boutique.
   308 | D        | Found Teef's Book Shop.
   308 | D        | Noticed an oklob plant
   309 | D        | Found Ypsa's Book Shoppe.
   309 | D        | Found Suerchodaev's Distillery.
   314 | D        | Noticed a flying skull
   321 | D        | Reached XP level 9. HP: 31/101 MP: 8/8
   349 | D        | Bought a ruby ring for 140 gold pieces
   349 | D        | Bought a glowing scarf for 224 gold pieces
   349 | D        | Bought a scroll labelled IXZOOMU GISI for 28 gold pieces
   414 | D        | Reached skill level 10 in Fighting
   439 | D        | Found a glowing golden altar of the Shining One.
   439 | D        | Found an ornate altar of the Wu Jian Council.
   439 | D        | Found a stormy altar of Qazlal.
   440 | D        | Found a shimmering altar of Xom.
   440 | D        | Found a sacrificial altar of Ru.
   440 | D        | Found a hazy altar of Hepliaklqana.
   441 | D        | Found a basalt altar of Yredelemnul.
   441 | D        | Found a shimmering blue altar of Sif Muna.
   441 | D        | Found a viscous altar of Jiyva.
   442 | D        | Found a bloodstained altar of Trog.
   442 | D        | Found a glowing silver altar of Zin.
   442 | D        | Found an ancient bone altar of Kikubaaqudgha.
   442 | D        | Found a snail-covered altar of Cheibriados.
   443 | D        | Found a hide-covered altar of Uskayaw.
   443 | D        | Found a corrupted altar of Lugonu.
   443 | D        | Found a shadowy altar of Dithmenos.
   443 | D        | Noticed a polar bear
   443 | D        | Noticed a polar bear
   444 | D        | Found a burning altar of Makhleb.
   444 | D        | Found a radiant altar of Vehumet.
   444 | D        | Found a white marble altar of Elyvilon.
   444 | D        | Noticed a polar bear
   445 | D        | Noticed a yaktaur
   450 | D        | Killed a polar bear
   451 | D        | Reached skill level 14 in Unarmed Combat
   454 | D        | Killed a polar bear
   456 | D        | Killed a yaktaur
   456 | D        | Reached ***** piety under Trog
   457 | D        | Reached skill level 10 in Dodging
   459 | D        | Killed a polar bear
   462 | D        | Reached skill level 15 in Unarmed Combat
   494 | D        | Found a sparkling altar of Nemelex Xobeh.
   494 | D        | Found a blossoming altar of Fedhas.
   496 | D        | Found an iron altar of Okawaru.
   496 | D        | Found an opulent altar of Gozag.
   582 | D        | Noticed a death drake
   679 | D        | Noticed a crystal guardian
   680 | D        | Noticed a death drake
   691 | D        | HP: 6/153 [poisoned by a death drake (dark miasma)]
   692 | D        | Succumbed to something's dark miasma

Illustrated notes

Levels and vault maps discovered:
D:        the_violet_keep_of_menkaure [sprint2_stairs_cluster_1,
          sprint2_shoproom, sprint2_temple, sprint2_basic_supplies,
          sprint2_obstacle_5, sprint2_obstacle_4, sprint2_obstacle_7,
          sprint2_obstacle_1, sprint2_obstacle_3, sprint2_timed_cluster_1,
          sprint2_smallroom_cluster_1, sprint2_smallroom_final_cluster_1,
          sprint2_transparent_cluster_1, sprint2_second_timed_cluster_1,
          sprint2_sniper_area_1, sprint2_heavy_combat_area_1,
          sprint2_mutation_trap_area_1, sprint2_forest_area_1,
          sprint2_light_combat_area_1, sprint2_behind_water_1,
          sprint2_near_end_vault_1]

Skill      XL: |  1  2  3  4  5  6  7  8  9 |
---------------+----------------------------+-----
Fighting       | 6 7 9 10 | 10.7
Dodging        | 6 7 8 9 10 | 10.5
Unarmed Combat | 8 10 11 13 15 | 15.6
Stealth        | |  0.6

Action                     |  1- 3 |  4- 6 |  7- 9 || total
---------------------------+-------+-------+-------++-------
  Melee: Unarmed           |     9 |    29 |    62 ||   100
         Punch             |       |     2 |     4 ||     6
 Invoke: Berserk           |     1 |     1 |     4 ||     6
    Use: Scroll            |       |       |     2 ||     2
         Potion            |       |       |     2 ||     2
 Armour: Animal skin       |     1 |     2 |    10 ||    13
  Dodge: Dodged            |     3 |     9 |    32 ||    44

Table legend: (Time is in decaauts)
 A = Elapsed time spent in this place.
 B = Non-inter-level travel time spent in this place.
 C = Inter-level travel time spent in this place.
 D = Time resting spent in this place.
 E = Time spent auto-exploring this place.
 F = Levels seen in this place.
 G = Mean time per level.
                   A        B        C        D        E       F      G
               +--------+--------+--------+--------+--------+-----+--------+
         Total |    726 |    677 |     49 |    421 |      1 |   1 |  726.0 |
       Dungeon |    726 |    677 |     49 |    421 |      1 |   1 |  726.0 |
               +--------+--------+--------+--------+--------+-----+--------+

Top non-repeatable levels by time:
       D: 726 daAuts
